 Dungeon Crawl Stone Soup version 0.27-a0-1319-geec4fb4e21 (webtiles) character file.

Game seed: 17971975045761108800

6770 freelancePsychic the Fighter (level 11, -1/90 HPs)
             Began as a Human Wanderer on June 21, 2021.
             Was a Believer of Okawaru.
             Splashed by an acid dragon's acid (16 damage)
             ... on level 7 of the Dungeon.
             The game lasted 00:27:26 (13054 turns).

freelancePsychic the Fighter (Human Wanderer)      Turns: 13054, Time: 00:27:27

Health: -1/90      AC: 14    Str: 15    XL:     11   Next: 24%
Magic:  0/13       EV: 12    Int: 12    God:    Okawaru [**....]
Gold:   458        SH:  0    Dex: 14    Spells: 10/10 levels left

rFire    . . .     SeeInvis .   a - +3 war axe
rCold    . . .     Faith    .   (no shield)
rNeg     . . .     Spirit   +   e - +3 scale mail
rPois    .         Reflect  .   (no helmet)
rElec    .         Harm     .   (no cloak)
rCorr    .         Rampage  .   A - +2 pair of gloves
Will     .....                  r - +0 pair of boots
Stlth    ..........             f - amulet of guardian spirit
HPRegen  0.25/turn              z - +4 ring of slaying
MPRegen  0.13/turn              (no ring)

@: no status effects
A: no striking features
a: Renounce Religion, Heroism


You were on level 7 of the Dungeon.
You worshipped Okawaru.
Okawaru was pleased with you.
You visited 2 branches of the dungeon, and saw 9 of its levels.
You also visited: Sewer.

You collected 508 gold pieces.
You spent 50 gold pieces at shops.

Inventory:

Hand Weapons
 a - a +3 war axe (weapon)
 b - a +0 hand crossbow
 q - a +0 hunting sling
Missiles
 o - 7 bolts
 t - 7 poisoned darts (quivered)
 u - 7 sling bullets
 x - 142 stones
Armour
 e - a +3 scale mail (worn)
 g - a +0 chain mail of fire resistance
 r - a +0 pair of boots (worn)
 A - a +2 pair of gloves (worn)
Jewellery
 f - an amulet of guardian spirit (around neck)
 z - a +4 ring of slaying (left hand)
 E - a ring of protection from cold
Wands
 d - a wand of digging (4)
 k - a wand of iceblast (8)
 C - a wand of flame (35)
Scrolls
 l - 2 scrolls of silence
 m - 2 scrolls of teleportation {@r4}
 y - a scroll of magic mapping
 G - a scroll of summoning
 H - a scroll of identify {@r1}
Potions
 c - a potion of brilliance
 h - 3 potions of haste {@q3}
 i - 3 potions of attraction
 j - 3 potions of flight
 n - a potion of degeneration
 p - 4 potions of curing {@q1}
 s - 3 potions of heal wounds {@q2}
 w - a potion of magic {unknown}
 B - 2 potions of lignification {unknown}
 D - a potion of cancellation {unknown}
 F - a potion of might


   Skills:
 + Level 10.1 Fighting
 - Level 3.4(3.5) Slings
 - Level 10.0 Crossbows
 - Level 1.0(2.3) Throwing
 - Level 4.7 Armour
 + Level 7.4 Dodging
 - Level 3.2 Invocations
 - Level 1.0 Evocations


You had 10 spell levels left.
You didn't know any spells.
Your spell library contained the following spells:

 Spells                   Type           Power      Damage    Failure   Level
 Freeze                   Ice            0%         1d3       75%         1
 Sandblast                Erth           0%         2d4       75%         1
 Shock                    Conj/Air       0%         1d3       75%         1
 Sting                    Tmut/Pois      0%         1d3       75%         1
 Summon Small Mammal      Summ           0%         N/A       75%         1
 Call Imp                 Summ           0%         N/A       87%         2
 Passwall                 Tmut/Erth      0%         N/A       87%         2
 Static Discharge         Conj/Air       0%         N/A       87%         2
 Sublimation of Blood     Necr           0%         N/A       87%         2
 Call Canine Familiar     Summ           0%         N/A       98%         3
 Frozen Ramparts          Ice            0%         1d2       98%         3
 Ignite Poison            Fire/Tmut/Pois 0%         N/A       98%         3
 Mephitic Cloud           Conj/Pois/Air  0%         N/A       98%         3
 Ozocubu's Armour         Ice            0%         N/A       98%         3
 Spider Form              Tmut/Pois      0%         N/A       98%         3
 Stone Arrow              Conj/Erth      0%         3d7       98%         3
 Summon Guardian Golem    Hex/Summ       0%         N/A       98%         3
 Hailstorm                Conj/Ice       0%         3d3       100%        4
 Petrify                  Tmut/Erth      0%         N/A       100%        4
 Summon Ice Beast         Ice/Summ       0%         N/A       100%        4
 Summon Lightning Spire   Summ/Air       0%         N/A       100%        4
 Lee's Rapid Deconstruct  Erth           0%         3d5*      100%        5
 Metabolic Englaciation   Hex/Ice        0%         N/A       100%        5
 Silence                  Hex/Air        0%         N/A       100%        5
 Eringya's Noxious Bog    Tmut/Pois      0%         N/A       100%        6


Dungeon Overview and Level Annotations

Branches:
Dungeon (8/15)             Temple (1/1) D:7           Sewer (visited)
   Lair: D:8-11

Altars:
Ashenzari
Cheibriados
Dithmenos
Elyvilon
Fedhas
Gozag
Kikubaaqudgha
Makhleb
Okawaru
Qazlal
Ru
Sif Muna
Trog
Vehumet
Wu Jian
Xom
Yredelemnul
Zin

Shops:
D:5 (   D:8 (


Message History

You hit the gargoyle.
The gargoyle is heavily damaged.
The gargoyle hits you with a +0 flail.
You slash the gargoyle!
You destroy the gargoyle!
Okawaru accepts your kill. The acid dragon bites you.
The acid dragon claws you but does no damage.
You slash the acid dragon!
The acid dragon is moderately wounded.
The acid dragon bites you. The acid dragon claws you.
A skeletal warrior comes into view. It is wielding a +0 glaive.
You hit the acid dragon.
The acid dragon is heavily wounded.
The acid dragon bites you. The acid dragon barely misses you.
The acid dragon spits acid at you. The splash of acid hits you.
* * * LOW HITPOINT WARNING * * *
You are splashed with acid!
* * * LOW HITPOINT WARNING * * *
As you read the scroll of fear, it crumbles to dust.
You assume a fearsome visage.
The acid dragon easily resists.
The skeletal warrior is unaffected.
The acid dragon bites you!
* * * LOW HITPOINT WARNING * * *
The acid dragon claws you but does no damage.
You feel much better.
The skeletal warrior hits you from afar with a +0 glaive!
* * * LOW HITPOINT WARNING * * *
The acid dragon bites you but does no damage.
The acid dragon claws you.
* * * LOW HITPOINT WARNING * * *
You feel much better.
The skeletal warrior hits you from afar with a +0 glaive!
* * * LOW HITPOINT WARNING * * *
The acid dragon spits acid at you. The splash of acid hits you!
* * * LOW HITPOINT WARNING * * *
You are splashed with acid!
You die...

#....>....###.###.....###
####..#^.##.....##...##..
##...##.#####.##.####.
#..##.##. ##.####.##
#..#.##. ##.#.##.#
#).#.#.# #.#..##.
#...##z# #....... #..##D#
#.#..##. #..#@##
##.#.##.# #..##.##
##.####)##
#...##.#####.## ###.
#.#..##.....## #..
#..#..###.### ###
##...##..#..## ##..
#..##.##.##.## ##..#
#.##..##.##..###..##
#.#.##..#..##.#..###


You could see a skeletal warrior and an acid dragon (catching breath).

Vanquished Creatures
  A cyclops (D:7)
  A manticore (D:8)
  Maurice (D:8)
  A gargoyle (D:7)
  Psyche (D:8)
  A hornet (D:8)
  Prince Ribbit (D:8)
  A wyvern (D:8)
  Menkaure (D:4)
  An acid dragon (D:7)
  2 water moccasins
  Duvessa (D:7)
  3 orc warriors
  An ice beast (D:6)
  A necrophage (D:7)
  2 sky beasts (D:5)
  A hornet zombie (D:8)
  2 black bears
  2 ogres (D:5)
  4 centaurs
  A phantom (D:5)
  Blork the orc (D:6)
  2 gnoll sergeants
  A kobold brigand (Sewer)
  5 bullfrogs
  4 scorpions
  A wyvern zombie (D:7)
  Dowan (D:7)
  A wyvern skeleton (D:7)
  2 water moccasin skeletons
  A killer bee (D:6)
  A vampire bat (D:4)
  4 wights (D:4)
  2 howler monkeys
  2 centaur zombies
  A bullfrog zombie (D:5)
  2 jellies
  6 orc priests
  A gnoll shaman (D:7)
  3 hounds
  A bullfrog skeleton (D:6)
  3 centaur skeletons
  An iron imp (D:6)
  Jessica (D:2)
  A scorpion zombie (D:4)
  4 orc wizards
  A hound zombie (D:4)
  A hound skeleton (D:4)
  11 gnolls
  4 river rats (Sewer)
  4 adders
  2 shadow imps
  A white imp (D:7)
  An adder skeleton (D:4)
  4 worms
  A dart slug (D:4)
  3 fire bats (D:4)
  26 orcs
  2 spectral bats (D:4)
  3 bat skeletons (D:4)
  A bat zombie (D:4)
  6 endoplasms
  5 giant cockroaches
  11 goblins
  3 hobgoblins
  9 jackals
  7 quokkas
  6 ball pythons
  12 bats
  A bat simulacrum (D:4)
  2 frilled lizards
  10 kobolds
  8 rats
227 creatures vanquished.

Vanquished Creatures (others)
  5 toadstools (D:1)
5 creatures vanquished.

Grand Total: 232 creatures vanquished

Notes
Turn   | Place    | Note
-------+----------+-------------------------------------------
     0 | D:1      | freelancePsychic the Human Wanderer began the quest for the
                  | Orb.
     0 | D:1      | freelancePsychic set off with the following items: a +0
                  | club, a +2 scale mail; and the following spells available
                  | to memorise: Shock, Sting, Mephitic Cloud, Spider Form
     0 | D:1      | Reached XP level 1. HP: 21/21 MP: 1/1
   406 | D:1      | Reached XP level 2. HP: 27/27 MP: 2/2
   420 | D:1      | Found a faded altar of an unknown god.
   613 | D:1      | Reached skill level 1 in Slings
   721 | D:1      | Reached XP level 3. HP: 26/33 MP: 3/3
  1595 | D:2      | You fall into a shaft and drop 1 floor!
  2125 | D:2      | Reached XP level 4. HP: 39/39 MP: 4/4
  2229 | D:2      | Noticed Jessica
  2232 | D:2      | Killed Jessica
  2251 | D:2      | Identified Jessica's Compendium of Unholy Rituals
  2589 | D:3      | Noticed a bullfrog
  2598 | D:3      | Killed a bullfrog
  2599 | D:3      | Reached XP level 5. HP: 30/46 MP: 5/5
  3114 | D:3      | Reached XP level 6. HP: 52/52 MP: 6/6
  3644 | D:4      | Found a glowing drain.
  3747 | Sewer    | Entered a sewer
  4504 | Sewer    | Found a white marble altar of Elyvilon.
  4692 | D:4      | Reached skill level 1 in Crossbows
  4692 | D:4      | Reached XP level 7. HP: 59/59 MP: 7/7
  4756 | D:4      | Noticed Menkaure
  4765 | D:4      | Killed Menkaure
  5315 | D:4      | Reached XP level 8. HP: 56/64 MP: 5/8
  5993 | D:4      | Found a basalt altar of Yredelemnul.
  6060 | D:4      | Identified the +10 halberd of Cuinib {flame, rElec rF-
                  | Str-2 SInv}
  6225 | D:5      | Entered Level 5 of the Dungeon
  6306 | D:5      | Reached skill level 5 in Crossbows
  6581 | D:5      | Found Xiti's Weapon Shoppe.
  6829 | D:5      | Bought 18 bolts for 50 gold pieces
  6844 | D:5      | Reached XP level 9. HP: 72/72 MP: 9/9
  7185 | D:5      | Found a glowing silver altar of Zin.
  8531 | D:6      | Found a snail-covered altar of Cheibriados.
  8538 | D:6      | Noticed Blork the orc
  8549 | D:6      | Killed Blork the orc
  8550 | D:6      | Reached skill level 10 in Crossbows
  9096 | D:7      | Reached skill level 1 in Dodging
  9170 | D:7      | Reached XP level 10. HP: 34/80 MP: 6/10
 10071 | D:7      | Found a staircase to the Ecumenical Temple.
 10076 | Temple   | Entered the Ecumenical Temple
 10083 | Temple   | Became a worshipper of Warmaster Okawaru
 10855 | D:7      | Noticed a skeletal warrior
 10921 | D:7      | Noticed Dowan
 10923 | D:7      | Noticed Duvessa
 10928 | D:7      | Killed Duvessa
 10931 | D:7      | Killed Dowan
 10997 | D:7      | Noticed a cyclops
 11018 | D:8      | Noticed a manticore
 11027 | D:8      | Killed a manticore
 11027 | D:8      | Reached * piety under Okawaru
 11028 | D:8      | Reached skill level 5 in Dodging
 11242 | D:8      | Reached skill level 1 in Invocations
 11251 | D:8      | Noticed Maurice
 11266 | D:8      | Killed Maurice
 11428 | D:8      | Found Nyll's Weapon Shoppe.
 11431 | D:8      | Noticed Prince Ribbit
 11445 | D:8      | Killed Prince Ribbit
 11445 | D:8      | Reached ** piety under Okawaru
 11510 | D:8      | Found an ornate altar of the Wu Jian Council.
 11605 | D:8      | Noticed Psyche
 11612 | D:8      | Killed Psyche
 11613 | D:8      | Reached XP level 11. HP: 89/89 MP: 13/13
 12206 | D:7      | Killed a cyclops
 12369 | D:7      | Reached skill level 10 in Fighting
 12843 | D:7      | Found a sacrificial altar of Ru.
 12845 | D:7      | Found a shimmering altar of Xom.
 12845 | D:7      | Found a burning altar of Makhleb.
 12845 | D:7      | Found a bloodstained altar of Trog.
 12918 | D:7      | Identified the Collected Works on Gliding Intoxication
 13050 | D:7      | Noticed a skeletal warrior
 13054 | D:7      | Splashed by an acid dragon's acid

Illustrated notes

Levels and vault maps discovered:
D:1:      ldierk_walled_garden, layout_loops_cross,
          ebering_ecumenical_altar_mist, serial_park_tiny_1
D:2:      layout_loops_corners, kennysheep_jessica_study
D:3:      layout_loops_ring, minmay_large_rounded_square, minmay_hedge_maze
D:4:      layout_cave_pools, lemuel_zombie_altar_yredelemnul,
          gup_sewer_entry_bubbles, hex_tiny, chequers_serial_rivers_micro_b,
          kennysheep_cluttered_room, goddamned_bats, uniq_menkaure
D:5:      layout_rooms, marbit_many_paths, serial_shops,
          nicolae_shop_window_shopping
D:6:      layout_loops_cross, slow_altar_1, uniq_blork_the_orc
D:7:      minmay_the_grid_octo_2x2 [minmay_the_grid_octo_checkerflower,
          minmay_the_grid_octo_pinwheel, minmay_the_grid_octo_clover_2,
          minmay_the_grid_octo_prize_single_spiral], layout_basic,
          grunt_temple_overflow_open, minmay_temple_entry_trees, uniq_duvessa
D:8:      layout_loops_ring, lemuel_crystal_altar, serial_shops,
          nicolae_shop_stone, uniq_psyche, uniq_prince_ribbit1, uniq_maurice
Temple:   eino_temple_lava

Skill      XL: |  1  2  3  4  5  6  7  8  9 10 11 |
---------------+----------------------------------+-----
Slings         | 1 2 3 |  3.4
Armour         | 4 |  4.7
Fighting       | 6 7 9 10 | 10.1
Crossbows      | 1 3 7 10 | 10.0
Dodging        | 1 6 7 |  7.4
Invocations    | 3 |  3.2
Throwing       | |  1.0
Evocations     | |  1.0

Action                   |  1- 3 |  4- 6 |  7- 9 | 10-12 || total
-------------------------+-------+-------+-------+-------++-------
Melee: Club              |    73 |       |       |       ||    73
       War axe           |    65 |    36 |   161 |   138 ||   400
       Unarmed           |       |       |       |     3 ||     3
       Punch             |       |       |       |     1 ||     1
 Fire: Hunting sling     |       |   199 |   121 |       ||   320
       Hand crossbow     |       |       |   130 |    90 ||   220
Throw: Dart              |       |    10 |    13 |     5 ||    28
Invok: Heroism           |       |       |       |     4 ||     4
Evoke: Wand              |       |       |     1 |     8 ||     9
  Use: Scroll            |     6 |     2 |     5 |     6 ||    19
       Potion            |       |     4 |     1 |     5 ||    10
 Stab: Confused          |       |       |       |     1 ||     1
       Invisible         |       |       |       |     1 ||     1
Armor: Scale mail        |   117 |    68 |   276 |   131 ||   592
       Chain mail        |       |       |     1 |       ||     1
Dodge: Dodged            |    72 |    68 |   202 |   150 ||   492

Table legend: (Time is in decaauts)
 A = Elapsed time spent in this place.
 B = Non-inter-level travel time spent in this place.
 C = Inter-level travel time spent in this place.
 D = Time resting spent in this place.
 E = Time spent auto-exploring this place.
 F = Levels seen in this place.
 G = Mean time per level.
                   A        B        C        D        E       F      G
               +--------+--------+--------+--------+--------+-----+--------+
         Total |  13394 |  13070 |    324 |   1872 |   8881 |  10 | 1339.4 |
       Dungeon |  12532 |  12215 |    317 |   1350 |   8701 |   8 | 1566.5 |
        Temple |     14 |      7 |      7 |      0 |      0 |   1 |   14.0 |
         Sewer |    847 |    847 |      0 |    522 |    179 |   1 |  847.0 |
               +--------+--------+--------+--------+--------+-----+--------+

Top non-repeatable levels by time:
     D:6: 2917 daAuts
     D:4: 1974 daAuts
     D:7: 1750 daAuts
     D:1: 1478 daAuts
     D:8: 1182 daAuts
     D:3: 1119 daAuts
     D:5: 1069 daAuts
     D:2: 1041 daAuts
   Sewer: 847 daAuts
  Temple: 14 daAuts
